 Dungeon Crawl Stone Soup version 0.30-a0-414-gcb316572d5 (webtiles) character file.

Game seed: 16328616752244620079

211 qeuew the Shooter (level 5, -2/46 HPs)
             Began as a Minotaur Hunter on Dec 7, 2022.
             Slain by Sigmund
             ... wielding a +0 scythe
              (8 damage)
             ... on level 4 of the Dungeon.
             The game lasted 00:05:56 (3138 turns).

qeuew the Shooter (Minotaur Hunter)                 Turns: 3138, Time: 00:05:58

Health: -2/46      AC:  4    Str: 15    XL:     5   Next: 57%
Magic:  4/4        EV: 13    Int:  6    God:
Gold:   176        SH:  0    Dex: 16    Spells: 4/4 levels left

rFire   . . .      SeeInvis .    a - +0 shortbow
rCold   + . .      Faith    .    (shield currently unavailable)
rNeg    + . .      Spirit   .    c - +1 leather armour
rPois   .          Reflect  .    (helmet restricted)
rElec   .          Harm     .    (no cloak)
rCorr   .          Rampage  .    (no gloves)
Will    .....                    (no boots)
Stlth   +.........               (no amulet)
HPRegen 0.27/turn                f - ring of protection from cold
MPRegen 0.09/turn                e - ring of positive energy

@: unable to drink
A: horns 2, retaliatory headbutt, inability to drink after injury 1
a: no special abilities


You were on level 4 of the Dungeon.
You visited 1 branch of the dungeon, and saw 4 of its levels.

You collected 176 gold pieces.

Inventory:

Hand Weapons
 a - a +0 shortbow (weapon)
Armour
 c - a +1 leather armour (worn)
Jewellery
 e - a ring of positive energy (right hand)
 f - a ring of protection from cold (left hand)
 m - a ring of willpower
Scrolls
 b - a scroll of magic mapping
 i - a scroll of teleportation
 j - a scroll of identify
Potions
 d - 4 potions of curing
 g - a potion of invisibility {unknown}
 k - 2 potions of heal wounds
 l - a potion of flight


   Skills:
 + Level 3.8 Fighting
 * Level 5.8 Ranged Weapons
 + Level 2.5 Armour
 + Level 3.4 Dodging
 - Level 0.7 Stealth


You had 4 spell levels left.
You didn't know any spells.
Your spell library contained the following spells:

 Spells                   Type           Power      Damage    Failure   Level
 Summon Small Mammal      Summ           0%         N/A       52%         1
 Call Canine Familiar     Summ           0%         N/A       88%         3
 Summon Guardian Golem    Hex/Summ       0%         N/A       88%         3
 Tukima's Dance           Hex            0%         N/A       88%         3
 Passage of Golubria      Tloc           0%         N/A       99%         4
 Yara's Violent Unravell  Hex/Tmut       0%         3d3       100%        5


Dungeon Overview and Level Annotations

Branches:
Dungeon (4/15)
 Temple: D:4-7

Altars:
Cheibriados
Trog

Annotations:
D:4 Sigmund


Innate Abilities, Weirdness & Mutations

You have a pair of horns on your head.
You reflexively headbutt those who attack you in melee.
You occasionally lose the ability to drink potions when taking damage.


Message History

Fire: a) +0 shortbow
Press: ? - help, Q - select action Shift-Dir - straight line You shoot an arrow.
A magic dart appears from out of thin air!
The magic dart hits you!
Unknown command.
Fire: a) +0 shortbow
Press: ? - help, Q - select action Shift-Dir - straight line You shoot an arrow.
Something hits you.
Unknown command.
Fire: a) +0 shortbow
Press: ? - help, Q - select action Shift-Dir - straight line You shoot an arrow.
Something hits you.
You feel threatened and lose the ability to drink potions!
* * * LOW HITPOINT WARNING * * *
Fire: a) +0 shortbow
Press: ? - help, Q - select action Shift-Dir - straight line You shoot an arrow.
Unknown command.
Fire: a) +0 shortbow
Press: ? - help, Q - select action Shift-Dir - straight line You shoot an arrow.
Something hits you.
* * * LOW HITPOINT WARNING * * *
Unknown command.
Fire: a) +0 shortbow
Press: ? - help, Q - select action Shift-Dir - straight line You shoot an arrow.
Something hits you.
* * * LOW HITPOINT WARNING * * *
Unknown command.
Fire: a) +0 shortbow
Press: ? - help, Q - select action Shift-Dir - straight line You shoot an arrow.
You can drink potions again.
Something hits you!
You feel threatened and lose the ability to drink potions!
You die...

#.#.######
#######.#.#.....
........#'#..### ##
#######......#.. #.
#...........#..
#.####..###..>...#_.
#.........#....###..
#.........#....# #..
#.#@......#....# ###
# #)####..#....# #{#
..#....# #.#
..#.#### #.# .## #.#
#.. #..


There were no monsters in sight!

Vanquished Creatures
  A hound (D:4)
  An orc priest (D:4)
  A mummy (D:4)
  5 adders
  A worm (D:3)
  2 dart slugs (D:1)
  4 orcs (D:4)
  12 ball pythons
  6 bats
  9 endoplasms
  2 giant cockroaches
  8 goblins
  8 hobgoblins
  4 jackals (D:4)
  5 quokkas
  3 frilled lizards
  7 kobolds
  3 rats
82 creatures vanquished.

Notes
Turn   | Place    | Note
-------+----------+-------------------------------------------
     0 | D:1      | qeuew the Minotaur Hunter began the quest for the Orb.
     0 | D:1      | Reached XP level 1. HP: 18/18 MP: 0/0
   125 | D:1      | Reached XP level 2. HP: 19/25 MP: 1/1
   171 | D:1      | Reached skill level 1 in Armour
   252 | D:1      | Found a bloodstained altar of Trog.
   551 | D:1      | Reached XP level 3. HP: 24/30 MP: 2/2
  1082 | D:2      | Reached skill level 5 in Ranged Weapons
  1320 | D:2      | Reached XP level 4. HP: 38/38 MP: 3/3
  1773 | D:2      | Gained mutation: You occasionally lose the ability to drink
                  | potions when taking damage. [potion of mutation]
  2011 | D:3      | Found a faded altar of an unknown god.
  2485 | D:4      | Reached XP level 5. HP: 45/45 MP: 4/4
  2684 | D:4      | Found a snail-covered altar of Cheibriados.
  2917 | D:4      | Noticed Sigmund
  3138 | D:4      | Slain by Sigmund

Illustrated notes

Levels and vault maps discovered:
D:1:      dpeg_arrival_water_fire, layout_basic, grunt_decor_arrowhead,
          minmay_hexomino_r4
D:2:      layout_loops_corners, chequers_serial_rivers_micro_c
D:3:      layout_loops_cross, chequers_ecumenical_altar_simple
D:4:      layout_basic, slow_altar_2, hangedman_abyss_or_decor_lesser_grid,
          uniq_sigmund

Skill      XL: |  1  2  3  4 |
---------------+-------------+-----
Armour         | 1 2 |  2.5
Fighting       | 3 |  3.8
Ranged Weapons | 5 |  5.8
Dodging        | 3 |  3.4
Stealth        | |  0.7

Action                   |  1- 3 |  4- 6 || total
-------------------------+-------+-------++-------
 Fire: Shortbow          |    83 |   157 ||   240
  Use: Potion            |     1 |     2 ||     3
       Scroll            |       |    12 ||    12
Armor: Leather armour    |    13 |    11 ||    24
Dodge: Dodged            |    22 |    44 ||    66

Table legend: (Time is in decaauts)
 A = Elapsed time spent in this place.
 B = Non-inter-level travel time spent in this place.
 C = Inter-level travel time spent in this place.
 D = Time resting spent in this place.
 E = Time spent auto-exploring this place.
 F = Levels seen in this place.
 G = Mean time per level.
                   A        B        C        D        E       F      G
               +--------+--------+--------+--------+--------+-----+--------+
         Total |   3182 |   3105 |     77 |    133 |   2506 |   4 |  795.5 |
       Dungeon |   3182 |   3105 |     77 |    133 |   2506 |   4 |  795.5 |
               +--------+--------+--------+--------+--------+-----+--------+

Top non-repeatable levels by time:
     D:1: 1011 daAuts
     D:2: 815 daAuts
     D:4: 750 daAuts
     D:3: 604 daAuts
